 Dungeon Crawl Stone Soup version 0.28.0-45-g0d030f2227 (webtiles) character file.

Game seed: 3075673359177533689

117492 pkoi the Destroyer (level 15, 0/121 HPs)
             Began as a Demigod Conjurer on Apr 6, 2022.
             Killed from afar by Aizul (3 damage)
             ... with a bolt of poison
             ... on level 1 of the Shoals.
             The game lasted 01:16:46 (49171 turns).

pkoi the Destroyer (Demigod Conjurer)              Turns: 49171, Time: 01:16:47

Health: 0/121      AC: 16    Str:  8    XL:     15   Next: 75%
Magic:  32/42      EV: 13    Int: 48    God:
Gold:   1892       SH:  0    Dex:  6    Spells: 1/33 levels left

rFire   . . .      SeeInvis .   H - staff of poison
rCold   + + .      Faith    .   (no shield)
rNeg    . . .      Spirit   .   j - +2 robe "Iviveo" {+Inv rElec rC++ Dex-2}
rPois   +          Reflect  .   k - +1 helmet "Buetsias" {Int+8 Dex-4}
rElec   +          Harm     .   v - +1 cloak
rCorr   .          Rampage  .   i - +1 pair of gloves
Will    +....                   C - +1 pair of boots {Fly}
Stlth   ++........              O - amulet of the acrobat
HPRegen 0.30/turn               y - +4 ring of protection
MPRegen 0.28/turn               J - ring of the Equinox {Fly MP+9}

@: lethally poisoned (0 -> -8), flying, studying Bows
A: high MP 1, forlorn, divine attributes
a: Evoke Invisibility


You were on level 1 of the Shoals.
You visited 6 branches of the dungeon, and saw 26 of its levels.
You visited the Abyss 1 time.
You also visited: Bailey.

You collected 2412 gold pieces.
You spent 520 gold pieces at shops.

Inventory:

Hand Weapons
 b - a +0 club
 e - a +1 short sword of speed
 f - the +3 hand axe "Loas Xia" {vorpal, Will+ Str+5}
   (You found it on level 3 of the Dungeon)

   It inflicts extra damage upon your enemies.
   Str:       It affects your strength (+5).
   Will:      It increases your willpower.
 q - a +0 dagger of venom
 z - a +0 mace of venom
 P - the +7 hand axe "Cuafonis" {flame, Str+2 Int+5}
   (You found it on level 11 of the Dungeon)

   It burns those it strikes, dealing additional fire damage.
   Big, fiery blades are also staple armaments of hydra-hunters.
   Str:       It affects your strength (+2).
   Int:       It affects your intelligence (+5).
Missiles
 l - 2 throwing nets
 V - 5 curare-tipped darts
Armour
 i - a +1 pair of gloves (worn)
 j - the +2 robe "Iviveo" (worn) {+Inv rElec rC++ Dex-2}
   (You acquired it on level 8 of the Dungeon)

   Dex:       It affects your dexterity (-2).
   rC:        It greatly protects you from cold.
   rElec:     It insulates you from electricity.
   +Inv:      It lets you turn invisible.
 k - the +1 helmet "Buetsias" (worn) {Int+8 Dex-4}
   (You found it in a bailey)

   Int:       It affects your intelligence (+8).
   Dex:       It affects your dexterity (-4).
 v - a +1 cloak (worn)
 C - a +1 pair of boots of flying (worn)
 U - a +0 hat of see invisible
Magical Staves
 H - a staff of poison (weapon)
Jewellery
 a - a ring of resist corrosion
 h - a ring of ice
 y - a +4 ring of protection (left hand)
 J - the ring of the Equinox (right hand) {Fly MP+9}
   (You found it on level 2 of the Lair of Beasts)

   [ring of flight]

   MP:        It affects your magic capacity (+9).
   Fly:       It grants you flight.
 M - a ring of wizardry
 O - an amulet of the acrobat (around neck)
 R - a ring of protection from fire
Wands
 c - a wand of acid (4)
 r - a wand of flame (33)
 w - a wand of iceblast (18)
 D - a wand of digging (5)
 E - a wand of charming (7)
 Q - a wand of paralysis (8)
Scrolls
 g - 4 scrolls of enchant weapon
 p - 2 scrolls of summoning
 s - 4 scrolls of teleportation
 t - 3 scrolls of amnesia
 u - 7 scrolls of blinking
 x - 4 scrolls of fear
 F - 3 scrolls of magic mapping
 I - a scroll of brand weapon
 L - a scroll of enchant armour
 N - 3 scrolls of identify
 S - 2 scrolls of acquirement
Potions
 d - 4 potions of haste
 m - 5 potions of brilliance
 n - 3 potions of heal wounds
 o - 2 potions of invisibility
 A - 4 potions of flight
 B - 2 potions of might
 G - 3 potions of curing
 K - a potion of berserk rage
 T - a potion of resistance
 W - a potion of ambrosia {unknown}


   Skills:
 - Level 8.0 Fighting
 - Level 9.0 Dodging
 - Level 4.0 Stealth
 + Level 9.9 Spellcasting
 - Level 12.4 Conjurations
 - Level 9.0 Hexes
 - Level 7.0 Necromancy
 - Level 7.0 Translocations
 - Level 4.0 Transmutations
 - Level 4.0 Fire Magic
 + Level 4.3 Ice Magic
 - Level 8.0 Air Magic
 - Level 7.0 Earth Magic
 - Level 4.0 Poison Magic
 - Level 3.0 Evocations


You had one spell level left.
You knew the following spells:

 Your Spells              Type           Power      Damage    Failure   Level
a - Magic Dart            Conj           100%       1d8       0%          1
b - Searing Ray           Conj           100%       2d8       0%          2
c - Iskenderun's Mystic   Conj/Tloc      87%        2d17      1%          4
d - Fulminant Prism       Conj/Hex       45%        3d21      1%          4
e - Ignite Poison         Fire/Tmut/Pois 76%        N/A       1%          3
f - Conjure Ball Lightni  Conj/Air       44%        3x3d15    2%          6
g - Borgnjor's Vile Clut  Necr/Erth      37%        N/A       1%          5
h - Ozocubu's Refrigerat  Ice            30%        4d11      83%         7

Your spell library contained the following spells:

 Spells                   Type           Power      Damage    Failure   Level
 Static Discharge         Conj/Air       89%        N/A       1%          2
 Confusing Touch          Hex            84%        N/A       1%          3
 Conjure Flame            Conj/Fire      80%        6-21      1%          3
 Dazzling Flash           Conj/Hex       100%       N/A       1%          3
 Ozocubu's Armour         Ice            60%        N/A       1%          3
 Animate Dead             Necr           37%        N/A       1%          4
 Hailstorm                Conj/Ice       81%        3d16      1%          4
 Ice Form                 Ice/Tmut       59%        N/A       1%          4
 Sticky Flame             Conj/Fire      80%        2d9       1%          4
 Agony                    Necr           74%        N/A       1%          5
 Lightning Bolt           Conj/Air       44%        1d64      1%          5
 Silence                  Hex/Air        40%        N/A       1%          5
 Yara's Violent Unravell  Hex/Tmut       36%        3d15      1%          5
 Death Channel            Necr           37%        N/A       9%          6
 Dispersal                Tloc           37%        N/A       9%          6
 Simulacrum               Ice/Necr       33%        N/A       16%         6
 Enfeeble                 Hex            42%        N/A       22%         7
 Discord                  Hex            42%        N/A       86%         8
 Malign Gateway           Summ/Tloc      27%        N/A       90%         7
 Haunt                    Necr/Summ      27%        N/A       91%         7
 Maxwell's Capacitive Co  Air            39%        ∞         95%         8
 Disjunction              Tloc           37%        N/A       98%         8
 Infestation              Necr           37%        N/A       98%         8
 Summon Horrible Things   Summ           11%        N/A       100%        8


Dungeon Overview and Level Annotations

Branches:
Dungeon (14/15)            Temple (1/1) D:5            Lair (6/6) D:10
 Shoals (2/4) Lair:4       Spider (1/4) Lair:4        Slime (0/5) Lair:6
    Orc (2/2) D:11            Elf (0/3) Orc:2        Vaults (0/5) D:13
 Bailey (visited)

Shops:
D:6 [   D:7 !   Orc:1 (   Orc:2 =?[!

Portals:
Pandemonium: Orc:2

Annotations:
Lair:6 1 runed translucent door
Shoals:1 Aizul
Shoals:2 Polyphemus


Innate Abilities, Weirdness & Mutations

You have an increased reservoir of magic. (+10% MP)
You shall have no god before yourself.
Your divine heritage dramatically boosts your attributes as you level up.


Message History

Your ball lightning explodes!
The blast of lightning engulfs the death yak!
The death yak is heavily wounded.
The blast of lightning engulfs Aizul!!
Aizul is heavily wounded.
The blast of lightning engulfs you! You resist.
* * * LOW HITPOINT WARNING * * *
The blast of lightning engulfs the plant!!
The plant is heavily damaged.
The blast of lightning engulfs the death yak!
The death yak is severely wounded.
The blast of lightning engulfs the catoblepas!!
You kill the catoblepas!
You hear a screech!
You hear an angry hiss. x2
Unknown command.
Unknown command.
Unknown command.
Unknown command.
You feel sick. Aizul closely misses you. The death yak gores you!
* * * LOW HITPOINT WARNING * * *
Polyphemus throws the death yak at you!
* * * LOW HITPOINT WARNING * * *
You fly upwards.
You feel sick.
There is a stone staircase leading down here.
Unknown command.
Unknown command.
Unknown command.
Unknown command.
Okay, then.
Unknown command.
You feel better.
Aizul coils herself and waves her upper body at you.
The poison arrow hits you!
You are poisoned.
You partially resist.
* * * LOW HITPOINT WARNING * * *
The death yak gores you but does no damage.
Aizul casts a spell at you. The bolt of poison hits you. You resist.
You die...

≈≈≈[.P#..≈≈≈≈≈≈≈≈≈≈≈≈≈≈≈≈≈≈≈≈≈≈≈≈
≈≈≈≈≈PP.≈≈≈≈≈≈≈≈≈≈≈≈≈≈≈≈≈≈≈≈≈≈≈≈≈
≈≈≈≈P<..≈≈≈≈≈≈≈≈≈≈≈≈≈≈≈≈≈≈≈≈≈≈≈≈≈
≈PP≈..#.≈≈≈≈≈≈≈≈≈≈≈≈≈≈≈≈≈≈≈≈≈≈≈≈≈
≈≈≈≈..#.≈≈≈≈≈≈≈≈≈≈≈≈≈≈≈≈≈≈≈≈≈≈≈≈≈
≈≈≈≈≈...≈≈≈≈≈≈≈≈≈≈≈≈≈≈≈≈≈≈≈≈≈≈≈≈≈
≈≈≈≈≈≈≈≈≈≈≈≈≈≈.#.≈≈≈≈≈≈≈≈≈≈≈≈≈≈≈≈
≈≈.##.≈≈≈≈≈≈≈?##..≈≈≈≈≈≈≈≈≈≈≈≈≈≈≈
....##≈≈≈≈≈≈≈...@≈≈≈≈≈≈≈≈≈≈≈≈≈≈≈.
P.......≈≈≈(...SY≈≈≈≈≈≈≈≈≈≈≈≈≈.≈.
PPP....≈≈≈....≈≈≈≈≈≈≈≈≈≈≈≈≈≈≈≈..≈
..####....)#.(.≈≈≈≈≈≈≈≈≈≈≈≈≈≈...≈
.## #...≈.....[≈≈≈≈≈≈≈≈≈≈.....≈≈
..# ####.≈.(....≈≈≈≈≈≈≈≈....≈≈≈)
#.#######..≈...##.≈≈≈≈≈≈≈≈≈≈≈≈≈≈.
#..#..##....≈.##....≈≈≈≈≈≈≈≈≈≈≈≈.
#..........≈≈........≈≈..≈≈≈≈≈≈≈.


You could see Aizul and a death yak.

Vanquished Creatures
  A tentacled monstrosity (Shoals:1)
  A kraken (Shoals:1)
  A tentacled starspawn (Abyss:2)
  Gastronok (Orc:1)
  The ghost of OceanMan the Blocker, a journeyman MiFi of Trog (D:13)
  An emperor scorpion (Spider:1)
  Azrael (Orc:2)
  A dire elephant (Lair:6)
  Snorg (Lair:5)
  6 merfolk impalers (Shoals:1)
  An ettin (Orc:1)
  Josephine (Orc:1)
  A great orb of eyes (Shoals:1)
  Harold (D:9)
  Fannar (Orc:1)
  4 vault guards (D:13)
  Erolcha (D:9)
  4 boulder beetles
  3 catoblepae
  7 two-headed ogres
  2 demonspawn (Orc:2)
  5 hydras
  A merfolk avatar (Shoals:1)
  2 tengu warriors (D:14)
  4 centaur warriors
  A death knight (D:13)
  4 orc high priests (Orc:2)
  A soul eater (Orc:2)
  Sonja (Orc:2)
  A fire crab (Lair:6)
  5 skeletal warriors (D:13)
  A sea snake (Shoals:1)
  2 steelbarb worms (Spider:1)
  2 lindwurms (Lair:6)
  3 deep elf pyromancers (D:14)
  5 orc knights
  5 harpies (Shoals:1)
  A wizard (D:14)
  3 ugly things
  A wolf spider (Spider:1)
  10 orc sorcerers (Orc:2)
  4 fauns (Shoals:1)
  6 manticores
  3 cyclopes
  10 torpor snails
  A merfolk siren (Shoals:1)
  2 apocalypse crabs (Shoals:1)
  3 black mambas
  A water nymph (Shoals:1)
  An orange demon (Orc:2)
  A gargoyle (D:13)
  9 cane toads
  11 komodo dragons
  A kobold demonologist (D:11)
  An unseen horror (Abyss:2)
  A demonic crawler (Spider:1)
  5 rime drakes
  An efreet (D:14)
  3 tengu conjurers
  6 merfolk (Shoals:1)
  12 polar bears
  4 trolls
  2 wind drakes
  A wolf spider simulacrum (D:13)
  3 tyrant leeches (Lair:6)
  Grinder (D:5)
  6 hornets (Lair:6)
  A raiju (Lair:6)
  Prince Ribbit (D:9)
  10 blink frogs
  5 slime creatures
  A snapping turtle (Shoals:1)
  A culicivora (Spider:1)
  A dream sheep (Lair:6)
  Sigmund (D:5)
  4 wraiths
  3 vampires
  2 basilisks
  3 wyverns
  4 fire elementals (Orc:2)
  87 yaks
  A steam dragon (Lair:3)
  15 redbacks
  Grum (D:8)
  A chaos spawn (Orc:2)
  7 vampire mosquitoes
  7 wargs
  15 water moccasins
  An acid dragon (D:9)
  16 hell hounds (Lair:6)
  2 ice beasts
  34 orc warriors
  A sky beast (D:5)
  12 black bears
  2 necrophages (D:9)
  A hornet zombie (D:8)
  4 ogres
  A phantom (D:7)
  5 centaurs
  17 wolves
  A kobold brigand (D:7)
  Blork the orc (D:6)
  A gnoll sergeant (D:10)
  10 bullfrogs
  A wyvern zombie (D:9)
  2 scorpions
  11 killer bees
  6 wights
  3 electric eels
  A bullfrog zombie (D:6)
  3 centaur zombies (D:9)
  A jelly (D:5)
  2 hounds
  A human zombie (D:9)
  21 orc priests
  Crazy Yiuf (D:6)
  A bullfrog skeleton (D:6)
  A gnoll shaman (D:8)
  Ijyb (D:2)
  2 centaur skeletons
  18 orc wizards
  2 iguanas
  A mummy (D:9)
  4 howler monkey zombies (D:9)
  7 adders
  24 gnolls
  A white imp (D:8)
  2 adder skeletons (D:4)
  A worm (D:5)
  A dart slug (D:2)
  65 orcs
  7 bats
  3 endoplasms
  4 giant cockroaches (D:1)
  10 hobgoblins
  4 jackals (D:3)
  19 kobolds
  3 quokkas
  9 ball pythons
  5 frilled lizards
  9 goblins
  2 rats
  3 ball lightnings
  2 starspawn tentacles (Abyss:2)
  3 tentacles (Shoals:1)
745 creatures vanquished.

Vanquished Creatures (collateral kills)
  2 ball lightnings
2 creatures vanquished.

Vanquished Creatures (others)
  222 ball lightnings
  176 fulminant prisms
  85 fungi
  176 plants
  A tentacle (Shoals:1)
  2 withered plants (D:6)
662 creatures vanquished.

Grand Total: 1409 creatures vanquished

Notes
Turn   | Place    | Note
-------+----------+-------------------------------------------
     0 | D:1      | pkoi the Demigod Conjurer began the quest for the Orb.
     0 | D:1      | Reached XP level 1. HP: 14/14 MP: 5/5
   374 | D:1      | Reached XP level 2. HP: 20/20 MP: 0/7
  1229 | D:1      | Reached skill level 4 in Conjurations
  1296 | D:1      | Reached XP level 3. HP: 26/26 MP: 6/8
  1317 | D:1      | Learned a level 2 spell: Searing Ray
  1381 | D:1      | Reached skill level 1 in Hexes
  1586 | D:2      | Reached skill level 1 in Translocations
  2957 | D:3      | Noticed Ijyb
  2981 | D:3      | Paralysed by Ijyb for 7 turns
  2982 | D:3      | Reached XP level 4. HP: 33/33 MP: 5/10
  2998 | D:2      | Paralysed by Ijyb for 3 turns
  3006 | D:2      | Killed Ijyb
  3276 | D:3      | Identified the +3 hand axe "Loas Xia" {vorpal, Will+ Str+5}
  3545 | D:3      | Learned a level 4 spell: Iskenderun's Mystic Blast
  4065 | D:3      | Reached XP level 5. HP: 35/38 MP: 3/11
  4800 | D:4      | Reached skill level 5 in Conjurations
  5217 | D:4      | Reached XP level 6. HP: 45/45 MP: 8/13
  5590 | D:5      | Entered Level 5 of the Dungeon
  5618 | D:5      | Found a staircase to the Ecumenical Temple.
  5627 | Temple   | Entered the Ecumenical Temple
  5967 | D:5      | Noticed Grinder
  5993 | D:5      | Killed Grinder
  6485 | D:5      | Noticed Sigmund
  6497 | D:5      | Killed Sigmund
  6498 | D:5      | Reached skill level 6 in Conjurations
  6498 | D:5      | Reached XP level 7. HP: 17/50 MP: 1/15
  7485 | D:5      | Learned a level 4 spell: Fulminant Prism
  8407 | D:6      | Found Sahockoc's Armour Emporium.
  8561 | D:5      | Reached XP level 8. HP: 38/57 MP: 0/17
  8683 | D:6      | Reached skill level 7 in Conjurations
  8841 | D:6      | Noticed Blork the orc
  8848 | D:6      | Killed Blork the orc
  9248 | D:6      | Found a runed translucent door.
  9249 | D:6      | Noticed Crazy Yiuf
  9826 | D:6      | Killed Crazy Yiuf
 10682 | D:7      | Reached skill level 8 in Conjurations
 10939 | D:7      | Found Ripy's Distillery.
 10960 | D:7      | Reached XP level 9. HP: 16/62 MP: 2/20
 11187 | D:7      | Noticed a cyclops
 11194 | D:7      | Killed a cyclops
 11195 | D:7      | Reached skill level 5 in Spellcasting
 11195 | D:7      | Reached skill level 5 in Hexes
 11195 | D:7      | Reached skill level 5 in Translocations
 11370 | D:7      | Bought 2 potions of mutation for 176 gold pieces
 11370 | D:7      | Bought a potion of degeneration for 11 gold pieces
 12565 | D:8      | Noticed Grum
 12565 | D:8      | Identified the +4 hand crossbow of Popular Demand {freeze,
                  | rCorr Str+2}
 12571 | D:8      | Reached skill level 9 in Conjurations
 13391 | D:8      | Killed Grum
 13392 | D:8      | Reached XP level 10. HP: 6/69 MP: 5/22
 13786 | D:8      | Identified a scroll of acquirement
 13786 | D:8      | Acquired the +2 robe "Iviveo" {+Inv rElec rC++ Dex-2}
 14458 | D:9      | Noticed a two-headed ogre
 14619 | D:9      | Noticed a two-headed ogre
 14625 | D:9      | Noticed a two-headed ogre
 14652 | D:8      | Killed a two-headed ogre
 14653 | D:8      | Reached skill level 10 in Conjurations
 14927 | D:9      | Found a flagged portal.
 14958 | Bailey   | Entered a bailey
 15238 | Bailey   | Noticed an orc knight
 15413 | Bailey   | Killed an orc knight
 15639 | Bailey   | Identified the +1 helmet "Buetsias" {Int+8 Dex-4}
 16037 | Bailey   | Learned a level 3 spell: Ignite Poison
 16156 | D:9      | Killed a two-headed ogre
 16309 | D:9      | Noticed Prince Ribbit
 16310 | D:9      | Killed Prince Ribbit
 16398 | D:9      | Noticed Erolcha
 16407 | D:9      | Killed Erolcha
 16567 | D:9      | Killed a two-headed ogre
 16568 | D:9      | Reached skill level 11 in Conjurations
 16568 | D:9      | Reached XP level 11. HP: 74/74 MP: 13/25
 17342 | D:9      | Reached skill level 1 in Fire Magic
 17510 | D:9      | Reached skill level 1 in Transmutations
 17658 | D:9      | Reached skill level 1 in Poison Magic
 17717 | D:10     | Entered Level 10 of the Dungeon
 17756 | D:10     | Noticed a two-headed ogre
 17766 | D:10     | Killed a two-headed ogre
 18858 | D:10     | Noticed Harold
 19265 | D:9      | Killed Harold
 19835 | D:10     | Found a staircase to the Lair.
 20373 | D:11     | Noticed a two-headed ogre
 20551 | D:11     | Killed a two-headed ogre
 21018 | D:11     | Found a staircase to the Orcish Mines.
 21329 | D:11     | Found the +11 plutonium sword {Contam Stlth-}
 21662 | Lair:1   | Entered Level 1 of the Lair of Beasts
 21698 | Lair:1   | Reached skill level 12 in Conjurations
 22160 | Lair:1   | Reached XP level 12. HP: 21/81 MP: 20/27
 22836 | Lair:1   | HP: 4/81 [komodo dragon (15)]
 23608 | Lair:1   | Learned a level 6 spell: Conjure Ball Lightning
 24126 | Lair:2   | Reached skill level 1 in Evocations
 24222 | Lair:2   | Reached skill level 1 in Fighting
 24222 | Lair:2   | Reached skill level 1 in Air Magic
 24503 | Lair:2   | Identified the ring of the Equinox {Fly MP+9}
 25885 | Lair:3   | Noticed a catoblepas
 25904 | Lair:3   | Killed a catoblepas
 26607 | Lair:4   | Noticed a catoblepas
 26617 | Lair:4   | Killed a catoblepas
 27198 | Lair:4   | Noticed a five-headed hydra
 27204 | Lair:4   | Killed a five-headed hydra
 27257 | Lair:4   | Found a hole to the Spider Nest.
 27673 | Lair:4   | Reached XP level 13. HP: 93/93 MP: 30/30
 27810 | Lair:4   | Learned a level 5 spell: Borgnjor's Vile Clutch
 27854 | Lair:4   | Found a staircase to the Shoals.
 28491 | Lair:5   | Reached skill level 1 in Necromancy
 28682 | Lair:5   | Reached skill level 1 in Earth Magic
 29172 | Lair:5   | Noticed Snorg
 29188 | Lair:5   | Killed Snorg
 29665 | Lair:6   | Entered Level 6 of the Lair of Beasts
 29666 | Lair:6   | Found a staircase to the Slime Pits.
 31277 | Lair:6   | Reached skill level 5 in Dodging
 31370 | Lair:6   | Noticed a dire elephant
 31385 | Lair:6   | Killed a dire elephant
 31532 | Lair:6   | Found a runed translucent door.
 32246 | Lair:6   | Reached skill level 5 in Air Magic
 32247 | Lair:6   | Reached skill level 5 in Fighting
 32802 | Lair:6   | Reached XP level 14. HP: 107/107 MP: 28/31
 35302 | D:11     | Identified the +7 hand axe "Cuafonis" {flame, Str+2 Int+5}
 35456 | D:13     | Noticed OceanMan's ghost (journeyman MiFi)
 35460 | D:13     | Found a runed translucent door.
 36061 | D:13     | Found a gate to the Vaults.
 36269 | D:13     | Reached skill level 5 in Necromancy
 36269 | D:13     | Reached skill level 5 in Earth Magic
 38033 | D:14     | HP: 2/111 [wizard/fireball (28)]
 38037 | D:14     | Cast into level 2 of the Abyss (a wizard)
 38115 | Abyss:2  | Noticed a tentacled starspawn
 38126 | Abyss:2  | Killed a tentacled starspawn
 38151 | D:14     | Escaped the Abyss
 38536 | D:13     | Killed OceanMan's ghost
 40091 | Shoals:1 | Entered Level 1 of the Shoals
 41455 | Shoals:1 | Noticed a kraken
 41461 | Shoals:1 | Killed a kraken
 41462 | Shoals:1 | Reached XP level 15. HP: 75/118 MP: 29/32
 41805 | Shoals:1 | Noticed a tentacled monstrosity
 41827 | Shoals:1 | Killed a tentacled monstrosity
 42229 | Shoals:1 | Identified the ring of Interdependent Arising {Ice Str+2
                  | Stlth+}
 42574 | Shoals:1 | Got the Handbook of Mad Ravings
 42785 | Orc:1    | Entered Level 1 of the Orcish Mines
 42786 | Orc:1    | Noticed Josephine
 42790 | Orc:1    | Killed Josephine
 43079 | Orc:1    | Noticed Fannar
 43082 | Orc:1    | Killed Fannar
 43391 | Orc:1    | Noticed Gastronok
 43397 | Orc:1    | Killed Gastronok
 43541 | Orc:1    | Found Xuphohaph's Weapon Boutique.
 43844 | Orc:2    | Entered Level 2 of the Orcish Mines
 44519 | Orc:2    | Noticed Azrael
 44866 | Orc:1    | Acquired Ozocubu's Autobiography
 44876 | Orc:1    | Learned a level 7 spell: Ozocubu's Refrigeration
 44984 | Orc:2    | Found Dextetu's Magic Scroll Emporium.
 44996 | Orc:2    | Found Inaramek's Distillery.
 45378 | Orc:2    | Noticed Sonja
 45384 | Orc:2    | Killed Sonja
 45385 | Orc:2    | Reached skill level 1 in Ice Magic
 45636 | Orc:2    | Found a staircase to the Elven Halls.
 45815 | Orc:2    | Killed Azrael
 47097 | Orc:2    | Found Diomyple's Jewellery Boutique.
 47097 | Orc:2    | Found Eba Hunt's Antique Armour Shop.
 47098 | Orc:2    | Found a one-way gate leading to the halls of Pandemonium.
 47102 | Orc:2    | Bought a faintly glowing ring mail for 333 gold pieces
 47102 | Orc:2    | Identified the +0 ring mail of Geusk {rElec rF+ Will-
                  | Str+5} (You bought it in a shop on level 2 of the Orcish
                  | Mines)
 47313 | Spider:1 | Entered Level 1 of the Spider Nest
 48619 | Spider:1 | HP: 4/121 [boulder beetle (35)]
 49164 | Shoals:2 | Noticed Polyphemus
 49164 | Shoals:2 | Noticed Aizul
 49169 | Shoals:2 | HP: 3/121 [Polyphemus/death yak (17)]
 49171 | Shoals:1 | Killed from afar by Aizul

Illustrated notes

Levels and vault maps discovered:
D:1:      lemuel_arrival_tunnels, layout_loops_cross, basic_ecumenical_altar,
          kennysheep_pointless_box, hangedman_decor_slide_cut
D:2:      layout_loops_corners, wander_ebering_terrifying_dragon_lair
D:3:      layout_basic, grunt_gozag_breadcrumbs, overflow_temple_1_default,
          uniq_ijyb
D:4:      layout_cave_pods, chequers_decorated_corner
D:5:      layout_basic, minmay_temple_entry_antechambers, hangedman_glass_teeth,
          uniq_sigmund, uniq_grinder
D:6:      layout_loops_ring, kiku_gazebo_garden_becter, serial_shops, shop,
          uniq_blork_the_orc, uniq_crazy_yiuf_cottage
D:7:      layout_cave_pods, grunt_dithmenos_shadows, serial_shops,
          nicolae_shop_trees
D:8:      layout_rooms, uniq_grum
D:9:      layout_roguey, lemuel_mausoleum_altar_yredelemnul, lemuel_round_altar,
          enter_bailey_3, uniq_erolcha, uniq_prince_ribbit1
D:10:     layout_basic, mainiacjoe_overflow_brackets, old_standard_altar,
          due_lair_maze_entry_diamond, uniq_harold
D:11:     layout_cave_pools, orc_0_dummy, evilmike_butchery
D:12:     layout_gridville, grunt_tough_drop
D:13:     layout_basic, lightli_vaults_fourway_checkpoint,
          hellmonk_ghost_happy_afterlife, minmay_misc_feat_more_columns,
          nicolae_uskayaw_dance_hall
D:14:     layout_grid_maze, nrook_campfire, kennysheep_potato
Temple:   eino_temple_water
Lair:1:   layout_gridlike, kennysheep_snail_temple, lemuel_fruit_fields
Lair:2:   layout_cave_pods, grunt_megastairs_3
Lair:3:   layout_layer_cave, infiniplex_staircase_pool
Lair:4:   layout_long_grid, minmay_shoals_entry_beasts, spider_nest_entry_webs,
          chequers_serial_rivers_large_b
Lair:5:   layout_cave_pods, uniq_snorg
Lair:6:   wormcave, layout_long_grid, hangedman_lair_caniforms_friends,
          slime_dummy, eino_small_chamber_without_monster, minivault_27,
          serial_bayou_lagoon_b
Shoals:1: dreamdust_from_the_deep, layout_shoals
Shoals:2: layout_shoals, uniq_polyphemus, uniq_aizul
Spider:1: layout_chambers, nicolae_spider_acid_house
Orc:1:    layout_caves, serial_shops, nicolae_shop_window_shopping, basic_altar,
          uniq_josephine, uniq_fannar, uniq_gastronok
Orc:2:    pf_orc_diabolical, layout_diamond_mine, uniq_azrael, uniq_sonja

Skill      XL: |  1  2  3  4  5  6  7  8  9 10 11 12 13 14 15 |
---------------+----------------------------------------------+-----
Spellcasting   | 2 3 4 5 6 7 8 9 |  9.9
Conjurations   | 4 5 6 8 9 11 12 | 12.4
Hexes          | 1 2 3 4 5 7 8 9 |  9.0
Translocations | 1 2 3 4 5 7 |  7.0
Fire Magic     | 3 4 |  4.0
Transmutations | 3 4 |  4.0
Poison Magic   | 3 4 |  4.0
Dodging        | 3 5 7 9 |  9.0
Stealth        | 3 4 |  4.0
Evocations     | 2 3 |  3.0
Fighting       | 2 5 7 8 |  8.0
Air Magic      | 2 5 7 8 |  8.0
Necromancy     | 4 6 7 |  7.0
Earth Magic    | 4 6 7 |  7.0
Ice Magic      | 4 |  4.3

Action                   |  1- 3 |  4- 6 |  7- 9 | 10-12 | 13-15 || total
-------------------------+-------+-------+-------+-------+-------++-------
Melee: Unarmed           |     1 |       |       |       |       ||     1
       Club              |     8 |       |       |       |       ||     8
       Short sword       |     2 |     8 |       |       |       ||    10
       Hand axe          |       |    20 |    29 |    21 |     2 ||    72
       Mace              |       |       |       |    19 |       ||    19
       Dagger            |       |       |       |    43 |    30 ||    73
       Punch             |       |       |       |     1 |       ||     1
       Staff             |       |       |       |     5 |       ||     5
 Cast: Magic Dart        |    94 |    77 |    11 |    35 |    59 ||   276
       Searing Ray       |     2 |     9 |     6 |       |       ||    17
       Iskenderun's Myst |       |       |    95 |   173 |   236 ||   504
       Fulminant Prism   |       |       |     6 |    81 |    90 ||   177
       Ignite Poison     |       |       |       |     7 |     7 ||    14
       Conjure Ball Ligh |       |       |       |       |    94 ||    94
       Borgnjor's Vile C |       |       |       |       |    65 ||    65
Evoke: Wand              |       |       |       |       |    10 ||    10
  Use: Potion            |       |     1 |       |     4 |     2 ||     7
       Scroll            |       |     5 |     7 |     9 |     8 ||    29
 Stab: Sleeping          |       |       |       |     1 |       ||     1
Armor: Robe              |     5 |    10 |    34 |   128 |   128 ||   305
Dodge: Dodged            |    16 |    32 |    68 |   132 |   201 ||   449
